 Dungeon Crawl Stone Soup version 0.26-a0-949-ga0cc1ef5f6 (webtiles) character file.

Game seed: 17542820838147240813

241 DarkMailMan the Shield-Bearer (level 6, 0/38 HPs)
             Began as a Gargoyle Fighter on Nov 28, 2020.
             Was a Follower of Kikubaaqudgha.
             Splashed by an oklob plant's acid (10 damage)
             ... created by the enmity of Fedhas Madash
             ... on level 3 of the Dungeon.
             The game lasted 00:03:36 (2701 turns).

DarkMailMan the Shield-Bearer (Gargoyle Fighter)    Turns: 2701, Time: 00:03:37

Health: 0/38       AC:  3    Str: 21    XL:     6   Next: 8%
Magic:  6/6        EV:  8    Int:  9    God:    Kikubaaqudgha [*.....]
Gold:   111        SH:  9    Dex:  9    Spells: 5/5 levels left

rFire    . . .     SeeInvis .   a - +0 flail
rCold    . . .     Faith    .   c - +0 kite shield
rNeg     + . .     Spirit   .   b - +0 scale mail
rPois    ∞         Reflect  .   (no helmet)
rElec    +         Harm     .   (no cloak)
rCorr    .         Rampage  .   (no gloves)
MR       .....                  (no boots)
Stlth    ..........             (no amulet)
HPRegen  0.12/turn              m - ring of poison resistance
MPRegen  0.10/turn              (no ring)

@: corroded
A: negative energy resistance 1, electricity resistance, unbreathing,
petrification resistance, rot immunity, AC +4
a: Receive Corpses, Renounce Religion


You were on level 3 of the Dungeon.
You worshipped Kikubaaqudgha.
Kikubaaqudgha was aware of your devotion.
You visited 1 branch of the dungeon, and saw 3 of its levels.

You collected 111 gold pieces.

Inventory:

Hand Weapons
 a - a +0 flail (weapon)
Armour
 b - a +0 scale mail (worn)
 c - a +0 kite shield (worn)
 o - a +0 ring mail
Jewellery
 m - a ring of poison resistance (left hand)
Scrolls
 f - 4 scrolls of identify {unknown}
 k - 2 scrolls of magic mapping {unknown}
 l - a scroll of blinking {unknown}
Potions
 d - 2 potions of might
 e - a potion of curing {unknown}
 g - a potion of degeneration {unknown}
 h - 2 potions of brilliance {unknown}
 i - a potion of lignification {unknown}
 j - 2 potions of haste {unknown}
 n - a potion of mutation {unknown}
 p - a potion of flight {unknown}
 q - a potion of heal wounds {unknown}


   Skills:
 + Level 3.9 Fighting
 + Level 3.7 Maces & Flails
 + Level 4.1 Armour
 + Level 1.4 Dodging
 + Level 4.7 Shields


You had 5 spell levels left.
You didn't know any spells.
Your spell library contained the following spells:

 Spells                   Type           Power        Failure   Level
 Animate Skeleton         Necr           #.....       99%         1
 Pain                     Necr           #...         99%         1
 Corpse Rot               Necr/Air       N/A          99%         2
 Vampiric Draining        Necr           #.........   100%        3


Dungeon Overview and Level Annotations

Branches:
Dungeon (3/15)

Altars:
Fedhas
Kikubaaqudgha

Annotations:
D:3 exclusion: 2 oklob plants


Innate Abilities, Weirdness & Mutations

You are resistant to torment.
Your stone body is resilient. (AC +4)
You are immune to poison.
You resist negative energy. (rN+)
You are resistant to electric shocks. (rElec)
You can survive without breathing.
You are immune to petrification.
You are immune to rotting.


Message History

You hit the oklob plant but do no damage.
The oklob plant is moderately damaged.
You hit the oklob plant but do no damage.
The oklob plant is moderately damaged.
You hit the oklob plant.
The oklob plant is heavily damaged.
The oklob plant spits acid at you. The splash of acid hits you!
The acid corrodes you!
You are splashed with acid!
You hit the oklob plant.
The oklob plant is heavily damaged.
You hit the oklob plant but do no damage.
The oklob plant is heavily damaged.
You sock the oklob plant!
The oklob plant is severely damaged.
The oklob plant spits acid at you. The splash of acid hits you!
* * * LOW HITPOINT WARNING * * *
The acid corrodes you!
You are splashed with acid!
You die...
Kikubaaqudgha rasps: "You have failed me!
Welcome... oblivion!"

##....##.#
#.##.##.#
#.##.##.#
#.......#
####.####
#.# #.#
#P#
####.##@#
#.......#
#.##P####
#


You could see 2 oklob plants.

Vanquished Creatures
  The ghost of Firecrotchwizard the Conjurer, an amateur DsFE (D:3)
  A worker ant (D:3)
  2 adders (D:3)
  A white imp (D:3)
  A worm (D:3)
  3 dart slugs
  3 leopard geckos (D:1)
  6 giant cockroaches
  9 goblins
  7 hobgoblins
  6 jackals
  7 kobolds
  3 ball pythons
  7 bats
  3 frilled lizards (D:1)
  5 rats
65 creatures vanquished.

Notes
Turn   | Place    | Note
-------+----------+-------------------------------------------
     0 | D:1      | DarkMailMan the Gargoyle Fighter began the quest for the
                  | Orb.
     0 | D:1      | Reached XP level 1. HP: 14/14 MP: 1/1
   289 | D:1      | Reached XP level 2. HP: 19/19 MP: 2/2
   861 | D:1      | Reached XP level 3. HP: 23/23 MP: 3/3
  1807 | D:2      | Found a blossoming altar of Fedhas.
  1908 | D:2      | Became a worshipper of Fedhas Madash
  2029 | D:3      | Reached XP level 4. HP: 27/28 MP: 4/4
  2449 | D:3      | Found a faded altar of an unknown god.
  2481 | D:3      | Fell from the grace of Fedhas
  2481 | D:3      | Became a worshipper of Kikubaaqudgha
  2481 | D:3      | Reached * piety under Kikubaaqudgha
  2481 | D:3      | Identified Kikubaaqudgha's Collected Works on Sinister
                  | Rites (Kikubaaqudgha gifted it to you on level 3 of the
                  | Dungeon)
  2481 | D:3      | Received a gift from Kikubaaqudgha
  2521 | D:3      | Found a transporter.
  2522 | D:3      | Noticed Firecrotchwizard's ghost (amateur DsFE)
  2557 | D:3      | Found a transporter.
  2595 | D:3      | Killed Firecrotchwizard's ghost
  2596 | D:3      | Reached skill level 1 in Dodging
  2596 | D:3      | Reached XP level 5. HP: 29/33 MP: 5/5
  2596 | D:3      | Reached XP level 6. HP: 34/38 MP: 6/6
  2693 | D:3      | Noticed an oklob plant
  2693 | D:3      | Noticed an oklob plant
  2701 | D:3      | Splashed by an oklob plant's acid

Illustrated notes

Levels and vault maps discovered:
D:1:      lightli_arrival_windingriver, layout_loops_corners,
          nrook_mini_backslash, chequers_serial_rivers_micro_b, chequers_garden
D:2:      layout_loops_ring, fedhas_altar_fruit_tree, grunt_ministairs_12
D:3:      layout_loops_corners, lemuel_crystal_altar,
          nicolae_overflow_hidden_temple, chequers_ecumenical_altar_island,
          gammafunk_ghost_arena, uniq_crazy_yiuf_cottage, uniq_terence

Skill      XL: |  1  2  3  4 |
---------------+-------------+-----
Shields        | 4 |  4.7
Maces & Flails | 3 |  3.7
Armour         | 4 |  4.1
Dodging        | 1 |  1.4
Fighting       | |  3.9

Action                   |  1- 3 |  4- 6 || total
-------------------------+-------+-------++-------
Melee: Flail             |   151 |   112 ||   263
Armor: Scale mail        |    95 |    92 ||   187
Dodge: Dodged            |    55 |    48 ||   103
Block: Kite shield       |    96 |    83 ||   179

Table legend: (Time is in decaauts)
 A = Elapsed time spent in this place.
 B = Non-inter-level travel time spent in this place.
 C = Inter-level travel time spent in this place.
 D = Time resting spent in this place.
 E = Time spent auto-exploring this place.
 F = Levels seen in this place.
 G = Mean time per level.
                   A        B        C        D        E       F      G
               +--------+--------+--------+--------+--------+-----+--------+
         Total |   2794 |   2625 |    169 |    265 |   1760 |   3 |  931.3 |
       Dungeon |   2794 |   2625 |    169 |    265 |   1760 |   3 |  931.3 |
               +--------+--------+--------+--------+--------+-----+--------+

Top non-repeatable levels by time:
     D:1: 1390 daAuts
     D:3: 739 daAuts
     D:2: 665 daAuts
